Map: Void Training Stage 3

Players

Entropy - Winner!

  • Race: Protoss Protoss
  • Spawn Location: 6:00

Player 2

  • Race: Protoss Protoss
  • Spawn Location: 12:00

VOD

Have the link to the VOD?

Description

Time

  • Played on: March 8, 2019, 9:56 a.m.
  • Length: 20:09
Show
View Real Time Build Order
Export as new Build Order

Entropy Protoss - Winner!

Build Orders: Double Forge 

Get SALT Encoding   

  12  0:08  Probe  
  13  0:21  Probe  
  14  0:26  Pylon  
  14  0:30  Probe  
  14  0:35  Assimilator  
  15  0:40  Probe  
  16  0:50  Probe  
  17  0:58  Probe  
  17  1:00  Gateway  
  18  1:10  Probe  
  19  1:26  Forge  
  19  1:27  Probe  
  20  1:39  Probe  
  21  1:52  Cybernetics Core  
  21  1:55  Zealot  
  21  1:58  Pylon  
  21  2:04  Pylon  
  23  2:18  Assimilator  
  23  2:19  Probe  
  23  2:21  Warp Gate, Zealot  
  26  2:31  Probe  
  27  2:42  Gateway  
  27  2:43  Gateway  
  27  2:48  Zealot  
  29  3:03  Protoss Shields Level 1  
  29  3:15  Zealot  
  31  3:38  Nexus  
  31  3:40  Assimilator  
  31  3:42  Zealot  
  33  3:50  Zealot x2  
  37  4:09  Stalker  
  39  4:16  Pylon  
  39  4:24  Probe  
  39  4:36  Probe  
  40  4:53  Forge  
  40  4:55  Probe x2  
  40  4:56  Protoss Ground Weapons Level 1  
  43  5:07  Probe  
  43  5:17  Protoss Ground Armor Level 1  
  43  5:37  Probe  
  43  5:38  Probe  
  45  5:49  Probe  
  46  5:50  Probe  
  45  6:02  Probe x2, Photon Cannon  
  45  6:04  Zealot  
  45  6:05  Zealot x2  
  33  6:26  Zealot x3  
  35  6:47  Zealot x3  
  41  7:04  Probe  
  41  7:05  Probe, Stargate  
  43  7:17  Probe x2  
  43  7:19  Twilight Council  
  45  7:24  Stalker x3  
  45  7:29  Probe x2  
  53  7:36  Assimilator  
  53  7:41  Probe  
  54  7:44  Pylon  
  54  8:02  Probe x2, Protoss Ground Weapons Level 2  
  54  8:04  Zealot x3  
  62  8:07  Protoss Shields Level 2  
  62  8:17  Forge  
  62  8:18  Forge  
  62  8:20  Forge, Blink  
  62  8:21  Forge  
  62  8:46  Pylon  
  62  9:00  Pylon  
  62  9:03  Pylon  
  62  9:04  Probe x2  
  64  9:11  Protoss Ground Armor Level 2  
  64  9:16  Probe x2  
  66  9:28  Probe, Gateway  
  66  9:30  Gateway  
  67  9:32  Gateway  
  67  9:34  Nexus  
  67  9:45  Probe x2  
  69  9:56  Pylon  
  69  9:59  Pylon  
  69  10:02  Photon Cannon  
  69  10:04  Photon Cannon  
  69  10:07  Photon Cannon  
  69  10:08  Photon Cannon  
  69  10:09  Shield Battery  
  69  10:12  Shield Battery  
  67  10:16  Zealot x2  
  67  10:17  Zealot  
  67  10:21  Charge  
  62  10:30  Stalker  
  62  10:31  Stalker x2  
  66  10:47  Oracle  
  69  10:50  Probe  
  69  10:51  Probe x2  
  72  11:03  Probe x3  
  75  11:09  Assimilator  
  75  11:14  Assimilator  
  75  11:20  Protoss Ground Weapons Level 3, Shield Battery  
  75  11:21  Protoss Ground Armor Level 3  
  75  11:22  Shield Battery  
  75  11:23  Protoss Shields Level 3  
  75  11:24  Oracle  
  78  11:28  Shield Battery  
  78  11:30  Shield Battery  
  78  11:38  Stalker x3  
  78  11:39  Stalker x3  
  90  12:01  Resonating Glaives  
  90  12:34  Pylon  
  90  12:48  Gateway  
  90  12:49  Gateway  
  90  12:52  Gateway  
  90  13:02  Nexus  
  90  13:03  Sentry x2  
  90  13:04  Sentry, Assimilator  
  96  13:07  Zealot x3  
  76  14:16  Pylon  
  76  14:23  Stalker x2  
  76  14:24  Stalker  
  82  14:25  Zealot x4  
  82  14:26  Zealot x2  
  94  14:33  Probe x2  
  94  14:34  Probe  
  94  14:35  Probe  
  98  14:45  Probe  
  98  14:46  Probe x2  
  98  14:48  Probe  
  102  14:52  Stalker  
  102  14:53  Stalker x4  
  102  14:54  Zealot x4  
  102  14:58  Probe x3  
  117  15:39  Zealot x4, Stalker  
  117  15:40  Stalker x4  
  129  15:58  Probe  
  129  15:59  Probe x3  
  129  16:19  Stalker x2  
  129  16:20  Stalker  
  129  16:23  Sentry x3  
  129  16:24  Sentry x2  
  145  16:35  Pylon  
  145  16:37  Pylon  
  145  16:40  Pylon  
  145  16:41  Pylon  
  145  16:49  Zealot  
  143  17:28  Stalker x4  
  143  17:29  Zealot, Stalker  
  155  17:30  Zealot x3  
  157  19:43  Fleet Beacon  
  157  19:51  Stalker x2  
  157  19:52  Stalker x3  
  167  20:03  Sentry  
  167  20:04  Sentry x3  
Show
View Real Time Build Order
Export as new Build Order

Player 2 Protoss 

Build Orders:  

Get SALT Encoding   

  12  0:00  Probe  
  13  0:13  Probe  
  14  0:22  Pylon  
  14  0:25  Probe  
  15  0:36  Probe  
  16  0:44  Probe  
  16  0:47  Assimilator  
  17  0:51  Gateway  
  17  0:52  Probe  
  18  1:00  Pylon  
  18  1:29  Gateway  
  18  1:33  Assimilator  
  18  1:42  Cybernetics Core  
  18  1:44  Zealot  
  20  2:05  Pylon  
  20  2:07  Zealot  
  22  2:18  Warp Gate  
  22  2:23  Adept  
  24  2:34  Adept  
  26  2:48  Probe  
  27  2:53  Adept  
  27  2:58  Pylon, Probe  
  29  3:04  Adept  
  32  3:06  Probe  
  33  3:15  Probe  
  34  3:23  Adept  
  34  3:26  Forge  
  36  3:27  Probe  
  37  3:34  Stalker  
  37  3:39  Probe  
  40  5:06  Probe, Stalker  
  43  5:07  Photon Cannon  
  43  5:09  Pylon  
  43  5:12  Photon Cannon  
  43  5:14  Robotics Facility  
  43  5:17  Stargate  
  43  5:19  Sentry  
  43  5:20  Twilight Council  
  45  5:27  Probe  
  46  5:30  Gateway  
  46  5:33  Stalker  
  46  5:35  Pylon  
  48  5:46  Forge, Stalker  
  50  6:00  Observer, Stalker  
  47  6:14  Sentry  
  47  6:15  Observer  
  48  6:28  Stalker  
  50  6:35  Nexus  
  46  6:41  Zealot  
  44  6:55  Zealot  
  46  7:08  Adept  
  48  7:19  Observer  
  48  7:22  Adept  
  50  7:46  Probe  
  51  7:51  Probe  
  51  7:54  Probe  
  51  7:55  Assimilator  
  51  7:58  Pylon x2  
  52  8:02  Probe  
  52  8:03  Probe  
  55  8:12  Probe  
  55  8:15  Probe  
  57  8:20  Photon Cannon  
  57  8:21  Probe  
  57  8:24  Photon Cannon  
  58  8:27  Probe  
  58  8:30  Probe  
  60  8:39  Probe  
  61  8:42  Probe  
  61  8:47  Probe  
  62  8:54  Probe  
  64  8:55  Probe  
  65  9:06  Probe x2  
  67  9:20  Assimilator  
  67  9:30  Protoss Ground Weapons Level 1  
  67  9:39  Warp Prism  
  67  9:40  Protoss Ground Armor Level 1  
  67  9:42  Probe  
  67  9:43  Gateway  
  67  9:45  Probe  
  71  9:46  Templar Archives  
  71  9:48  Stalker x2  
  71  9:50  Robotics Facility  
  71  9:51  Probe  
  71  9:54  Stargate  
  71  9:56  Dark Shrine  
  71  9:59  Robotics Bay  
  72  10:11  Observer  
  72  10:13  Fleet Beacon  
  67  10:23  High Templar  
  67  10:26  Warp Prism  
  55  10:36  Zealot  
  55  10:37  Observer  
  57  10:48  Gravitic Boosters  
  57  10:50  Zealot  
  59  11:04  Stalker  
  61  11:15  Nexus  
  61  11:17  Stalker  
  63  11:27  Immortal  
  67  11:40  Gravitic Drive  
  67  11:45  High Templar  
  69  11:59  High Templar, Archon  
  71  12:13  High Templar  
  73  12:26  Probe  
  73  12:27  Dark Templar, Archon  
  76  12:32  Probe  
  76  12:34  Probe  
  76  12:35  Probe  
  78  12:38  Assimilator  
  78  12:43  Probe  
  79  12:44  Probe  
  79  12:47  Pylon  
  79  12:48  Probe  
  79  12:50  Pylon  
  82  12:52  Assimilator  
  82  12:56  Probe  
  83  13:15  Photon Cannon  
  83  13:17  Photon Cannon  
  83  13:24  Dark Templar  
  83  13:25  Protoss Ground Weapons Level 2  
  83  13:26  Protoss Ground Armor Level 2  
  85  13:35  Sentry  
  85  13:36  Protoss Air Weapons Level 1  
  87  13:42  Stalker  
  87  13:48  Photon Cannon  
  89  13:50  Zealot  
  87  13:57  Sentry  
  87  14:01  Pylon  
  73  14:04  Immortal  
  73  14:05  Photon Cannon  
  75  14:11  Archon  
  75  14:12  Zealot  
  77  14:19  Stalker  
  79  14:26  Stalker  
  81  14:34  Sentry  
  83  14:41  Immortal  
  87  14:48  High Templar  
  89  15:10  Probe  
  89  15:13  Probe  
  80  15:16  Probe  
  80  15:19  High Templar  
  71  15:22  Probe  
  71  15:25  Probe  
  71  15:26  Stalker  
  71  15:28  Probe  
  64  15:31  Pylon, Protoss Air Armor Level 1  
  64  15:33  Zealot  
  64  15:34  Probe  
  55  15:40  Probe, Void Ray  
  55  15:42  Protoss Shields Level 1  
  56  15:43  Protoss Ground Armor Level 3  
  56  15:46  Probe  
  56  15:48  Zealot  
  51  15:52  Probe  
  51  15:55  Zealot  
  50  15:57  Nexus  
  50  15:58  Probe  
  50  16:02  Probe, Zealot  
  43  16:09  Void Ray  
  43  16:10  Probe x2, Immortal  
  49  16:21  Probe  
  49  16:22  Probe  
  49  16:24  Zealot  
  53  16:31  Stalker  
  55  16:33  Probe  
  55  16:35  Probe  
  55  16:38  Stalker  
  59  16:45  Probe, Void Ray  
  64  16:48  Probe  
  64  16:52  Zealot  
  67  16:57  Probe  
  67  17:00  Probe, Stalker  
  71  17:07  Zealot  
  63  17:09  Probe  
  63  17:11  Immortal  
  63  17:12  Sentry, Probe  
  37  17:20  Nexus, High Templar  
  41  17:25  High Templar  
  41  17:27  Assimilator  
  41  17:29  High Templar  
  24  17:32  Probe  
  24  17:34  High Templar  
  24  17:35  Fleet Beacon  
  9  17:44  Probe  
  10  17:53  Zealot  
  10  17:58  High Templar  
  7  18:02  High Templar  
Tags
 
Add a new tag
Caveats
  • Supply blocks, unpowered buildings, or Contaminate may cause inaccurate times.
  • Supply counts are checked every 10 seconds.